 Dungeon Crawl Stone Soup version 0.21.1-1-g345015f (webtiles) character file.

365 wolf the Caller (level 6, -6/48 HPs)
             Began as a Draconian Summoner on Mar 16, 2018.
             Mangled by an orc priest
             ... wielding a +0 flail
              (7 damage)
             ... on level 3 of the Dungeon.
             The game lasted 00:11:09 (3104 turns).

wolf the Caller (Draconian Summoner)                Turns: 3104, Time: 00:11:10

Health: -6/48      AC:  6    Str: 11    XL:     6   Next: 40%
Magic:  5/9        EV: 12    Int: 17    God:
Gold:   214        SH:  0    Dex: 11    Spells: 6/9 levels left

rFire    . . .     SeeInvis .   l - +2 dagger (venom)
rCold    . . .     Gourm    .   (no shield)
rNeg     . . .     Faith    .   (armour unavailable)
rPois    .         Spirit   .   (helmet restricted)
rElec    .         Reflect  .   (no cloak)
rCorr    .         Harm     .   (no gloves)
MR       .....                  (no boots)
Stlth    ++........             (no amulet)
HPRegen  0.16/turn              (no ring)
MPRegen  0.11/turn              (no ring)

@: no status effects
A: unfitting armour, cold-blooded, AC +6
a: no special abilities


You were on level 3 of the Dungeon.
You were not hungry.

You visited 1 branch of the dungeon, and saw 3 of its levels.

You collected 214 gold pieces.

Inventory:

Hand Weapons
 c - a +0 dagger
 f - a +0 short sword
 l - a +2 dagger of venom (weapon)
Missiles
 d - 241 stones (quivered)
Armour
 e - a +0 ring mail
 h - a +0 pair of boots
 s - a scarf of spirit shield
Scrolls
 g - 3 scrolls of teleportation {unknown}
 i - a scroll of fear {unknown}
 j - 2 scrolls of remove curse {unknown}
 n - 3 scrolls of random uselessness {unknown}
 p - 2 scrolls of amnesia {unknown}
 t - a scroll of enchant weapon {unknown}
Potions
 k - 2 potions of agility {unknown}
 m - a potion of brilliance {unknown}
 o - a potion of resistance {unknown}
 q - a potion of might {unknown}
 r - 2 potions of curing {unknown}
Books
 a - a book of Callings

   Spells                             Type                      Level
   a - Summon Small Mammal            Summoning                    1
   b - Call Imp                       Summoning                    2
   c - Call Canine Familiar           Summoning                    3
   d - Summon Guardian Golem          Hexes/Summoning              3
   e - Summon Lightning Spire         Summoning/Air                4
   f - Summon Ice Beast               Ice/Summoning                4
Comestibles
 b - 2 rations


   Skills:
 * Level 2.0 Fighting
 * Level 2.6 Short Blades
 + Level 0.1 Throwing
 + Level 2.6 Dodging
 - Level 1.7 Stealth
 - Level 2.0 Spellcasting
 * Level 6.4 Summonings


You had 6 spell levels left.
You knew the following spells:

 Your Spells              Type           Power        Failure   Level  Hunger
a - Summon Small Mammal   Summ           ###.         1%          1    #......
b - Call Imp              Summ           ###.....     1%          2    ###....


Dungeon Overview and Level Annotations

Branches:
Dungeon (3/15)

Altars:


Innate Abilities, Weirdness & Mutations

Your plain brown scales are hard. (AC +6)
You cannot fit into any form of body armour.
You are cold-blooded and may be slowed by cold attacks.


Message History

The orc priest is heavily wounded.
The orc hits you with a club.
* * * LOW HITPOINT WARNING * * *
The orc priest hits you but does no damage.
The kobold hits you with a club.
* * * LOW HITPOINT WARNING * * *
Your crimson imp blinks!
You closely miss the orc priest.
The orc priest is heavily wounded.
The orc hits you with a club.
* * * LOW HITPOINT WARNING * * *
The orc priest invokes the aid of Beogh against you.
Pain shoots through your body!
* * * LOW HITPOINT WARNING * * *
You hit the orc priest.
The orc priest looks as sick as possible!
The orc priest is severely wounded.
The kobold hits you but does no damage. The orc barely misses you.
The orc priest hits you with a flail!
You die...

≈ ≈ ######## ########
.#.....## ##......#
†)......###.......#
##.......#...§...(##+#
....)....#...?.......#
.........'(....5oo)..#
.........#(.(...@K)..#
##.......#..(....o##'#
+......###...(...# .#
#.....## ##..((((# #
####### ########


You could see an orc priest, 2 orcs, a kobold and a friendly crimson imp.

Vanquished Creatures
  A big kobold (D:3)
  An orc wizard (D:2)
  Terence (D:3)
  2 adders
  A gnoll (D:3)
  A worm (D:3)
  2 dart slugs (D:2)
  A leopard gecko (D:3)
  3 orcs
  A bat (D:1)
  2 giant cockroaches
  2 goblins
  5 hobgoblins
  2 jackals (D:2)
  29 kobolds
  A quokka (D:2)
  5 rats
60 creatures vanquished.

Vanquished Creatures (collateral kills)
  4 big kobolds (D:3)
  2 gnolls (D:3)
  An ooze (D:1)
  A dart slug (D:1)
  An orc (D:2)
  A giant cockroach (D:3)
  2 goblins
  A hobgoblin (D:3)
  A jackal (D:2)
  9 kobolds
  A rat (D:1)
24 creatures vanquished.

Grand Total: 84 creatures vanquished

Notes
Turn   | Place    | Note
-------+----------+-------------------------------------------
     0 | D:1      | wolf the Draconian Summoner began the quest for the Orb.
     0 | D:1      | Reached XP level 1. HP: 14/14 MP: 3/3
   582 | D:1      | Reached XP level 2. HP: 13/22 MP: 5/5
   588 | D:1      | Learned a level 2 spell: Call Imp
  1498 | D:2      | Reached skill level 1 in Fighting
  1498 | D:2      | Reached skill level 5 in Summonings
  1498 | D:2      | Reached XP level 3. HP: 22/28 MP: 1/6
  1725 | D:2      | Reached XP level 4. HP: 35/35 MP: 3/7
  1989 | D:3      | Noticed Terence
  2003 | D:3      | Killed Terence
  2003 | D:3      | Reached skill level 1 in Short Blades
  2764 | D:3      | Reached XP level 5. HP: 18/40 MP: 4/8
  2815 | D:3      | Reached skill level 6 in Summonings
  2848 | D:3      | Reached XP level 6. HP: 35/48 MP: 4/9
  3103 | D:3      | HP: 2/48 [orc/club (1)]
  3104 | D:3      | Mangled by an orc priest

Skill      XL: |  1  2  3  4  5  6 |
---------------+-------------------+-----
Fighting       | 1 2 |  2.0
Summonings     | 5 6 |  6.4
Dodging        | 2 |  2.6
Short Blades   | 1 2 |  2.6
Throwing       | |  0.1
Stealth        | |  1.7
Spellcasting   | |  2.0

Action                   |  1- 3 |  4- 6 || total
-------------------------+-------+-------++-------
Melee: Short sword       |    15 |       ||    15
       Dagger            |    60 |   112 ||   172
       Tailslap          |     7 |     7 ||    14
Throw: Stone             |     3 |       ||     3
 Cast: Summon Small Mamm |     8 |     1 ||     9
       Call Imp          |     8 |    20 ||    28
 Stab: Sleeping          |     1 |       ||     1
       Distracted        |       |     2 ||     2
  Eat: Chunk             |     3 |     3 ||     6
       Ration            |       |     1 ||     1
Armor: Skin              |    24 |    35 ||    59
Dodge: Dodged            |    50 |    72 ||   122
